 Dungeon Crawl Stone Soup version 0.31-a0-115-g4708a659fe (webtiles) character file.

Game seed: 12825395896226533241

2102 hikkokomori the Conjurer (level 8, -1/67 HPs)
             Began as a Demigod Conjurer on May 30, 2023.
             Slain by an unseen horror (9 damage)
             ... on level 7 of the Dungeon.
             The game lasted 00:17:03 (6387 turns).

hikkokomori the Conjurer (Demigod Conjurer)         Turns: 6387, Time: 00:17:04

Health: -1/67      AC:  5    Str: 14    XL:     8   Next: 80%
Magic:  2/18       EV: 17    Int: 24    God:
Gold:   70         SH:  0    Dex: 12    Spells: 4/16 levels left

rFire   + + .        l - +1 mace (drain)
rCold   + . .        (no shield)
rNeg    . . .        a - +0 robe
rPois   .            (no helmet)
rElec   .            g - +1 cloak
rCorr   .            (no gloves)
SInv    .            B - +0 pair of boots
Will    .....        (no amulet)
Stlth   ++           k - ring "Qudaaph" {rF++ rC+ EV+5 Str+2}
HPRegen 0.31/turn    (no ring)
MPRegen 0.16/turn

%: no passive effects
@: no status effects
A: high MP 1, forlorn, divine attributes
a: no special abilities


You were on level 7 of the Dungeon.
You visited 1 branch of the dungeon, and saw 7 of its levels.

You collected 458 gold pieces.
You spent 388 gold pieces at shops.

Inventory:

Hand Weapons
 d - a +0 dagger
 l - a +1 mace of draining (weapon)
Missiles
 i - 2 atropa-tipped darts
 s - 2 javelins
Armour
 a - a +0 robe (worn)
 g - a +1 cloak (worn)
 B - a +0 pair of boots (worn)
Jewellery
 k - the ring "Qudaaph" (left hand) {rF++ rC+ EV+5 Str+2}
   (You acquired it on level 7 of the Dungeon)

   [ring of evasion]

   EV:        It affects your evasion (+5).
   Str:       It affects your strength (+2).
   rF:        It greatly protects you from fire.
   rC:        It protects you from cold.
Wands
 y - a wand of quicksilver (4)
 C - a wand of charming (1)
Scrolls
 c - a scroll of noise
 f - 2 scrolls of vulnerability {unknown}
 j - a scroll of enchant armour {unknown}
 m - a scroll of teleportation
 n - a scroll of poison {unknown}
 o - a scroll of magic mapping {unknown}
 v - a scroll of immolation
 A - 2 scrolls of enchant weapon {unknown}
 F - a scroll of silence {unknown}
 G - a scroll of fear {unknown}
Potions
 b - a potion of magic
 e - 4 potions of curing
 h - 2 potions of haste
 p - 2 potions of heal wounds
 q - 3 potions of ambrosia
 r - 2 potions of might
 t - 2 potions of resistance
 u - a potion of berserk rage {unknown}
 w - a potion of enlightenment {unknown}
 x - 3 potions of brilliance
 z - a potion of lignification {unknown}
 D - a potion of mutation {unknown}


   Skills:
 + Level 4.9 Fighting
 - Level 1.7 Dodging
 - Level 4.0 Stealth
 + Level 4.9 Spellcasting
 + Level 6.2 Conjurations
 + Level 3.5 Summonings
 + Level 0.1 Ice Magic
 + Level 3.6 Air Magic


You had 4 spell levels left.
You knew the following spells:

 Your Spells              Type           Power      Damage    Failure   Level
a - Magic Dart            Conj           100%       1d8       1%          1
b - Searing Ray           Conj           70%        2d7       1%          2
c - Summon Lightning Spi  Summ/Air       23%        N/A       21%         4
d - Freezing Cloud        Conj/Ice/Air   10%        6-21      54%         5

Your spell library contained the following spells:

 Spells                   Type           Power      Damage    Failure   Level
 Summon Small Mammal      Summ           92%        N/A       1%          1
 Static Discharge         Conj/Air       58%        2-5/arc   1%          2
 Call Canine Familiar     Summ           23%        N/A       6%          3
 Dazzling Flash           Conj/Hex       40%        N/A       8%          3
 Cigotuvi's Dreadful Rot  Necr/Pois/Air  22%        N/A       9%          2
 Summon Guardian Golem    Hex/Summ       14%        N/A       13%         3
 Blink                    Tloc           10%        N/A       14%         2
 Airstrike                Air            11%        2d(2-18)  21%         4
 Fulminant Prism          Conj/Hex       10%        3d9       24%         4
 Iskenderun's Mystic Bla  Conj/Tloc      20%        2d6       24%         4
 Ignite Poison            Fire/Tmut/Pois 5%         N/A       26%         3
 Manifold Assault         Tloc           5%         N/A       65%         4
 Storm Form               Tmut/Air       7%         N/A       100%        7


Dungeon Overview and Level Annotations

Branches:
Dungeon (7/15)
 Temple: D:4-7

Shops:
D:2 ?:**=


Innate Abilities, Weirdness & Mutations

You have an increased reservoir of magic. (+10% MP)
You shall have no god before yourself.
Your divine heritage dramatically boosts your attributes as you level up.


Message History

(Press . to maintain the ray.)
Something hits you!
The searing ray hits something but does no damage.
Something hits you.
The searing ray hits something!
You hear an angry hiss.
Something hits you.
* * * LOW HITPOINT WARNING * * *
Something hits you!
* * * LOW HITPOINT WARNING * * *
Something hits you.
* * * LOW HITPOINT WARNING * * *
You feel much better.
Casting: Searing Ray (safe; 1% risk of failure)
Confirm with . or Enter, or press ? or * to list all spells.
Aiming: Searing Ray (safe; 1% risk of failure)
Press: ? - help, Shift-Dir - straight line, f - iguana
Aim: an iguana (83% to hit)
The searing ray hits something!
The searing ray hits the iguana!
The iguana is heavily wounded. (Press . to maintain the ray.)
Something hits you.
* * * LOW HITPOINT WARNING * * *
The searing ray hits something.
The searing ray hits the iguana!
You kill the iguana!
Something hits you but does no damage. x2
The searing ray hits something.
Something hits you.
* * * LOW HITPOINT WARNING * * *
The searing ray hits something.
You finish channelling your searing ray.
Something hits you!
* * * LOW HITPOINT WARNING * * *
Casting: Searing Ray (safe; 1% risk of failure)
Confirm with . or Enter, or press ? or * to list all spells.
Aiming: Searing Ray (safe; 1% risk of failure)
Press: ? - help, Shift-Dir - straight line The searing ray hits something. (Press . to maintain the ray.)
Something hits you!
You die...

......# ###.# .?....# #.# #.#
#♣ .#....# #.# #.# . #..8.#
#.# #.#### .# #....# #.#
#....###.# #....# #.#
####.#... #....######.# #.#.#
#...........##########...#
#............{{@......#..# # .
#..........##########.#..###.#
. #......(...# #.##.....# .
#............ #.###.#####.
............#.(# #.#.........
##..............h
......#..##..#
#..l.......##...
......#.).....
#..........##... .....
#.#.#..# ..... #.#....#


There were no monsters in sight!

Vanquished Creatures
  Grinder (D:4)
  A yak (D:6)
  A water moccasin (D:6)
  A black bear (D:5)
  An ogre (D:5)
  3 phantoms
  2 hounds (D:5)
  A sleepcap (D:5)
  5 iguanas
  Ijyb (D:4)
  Natasha (D:3)
  An orc wizard (D:6)
  7 adders
  5 gnolls
  A shadow imp (D:6)
  A white imp (D:7)
  A dart slug (D:1)
  4 orcs (D:6)
  4 bats
  9 endoplasms
  11 giant cockroaches
  7 goblins
  3 hobgoblins
  8 kobolds
  3 quokkas
  4 ball pythons
  3 frilled lizards
  5 rats
95 creatures vanquished.

Vanquished Creatures (collateral kills)
  3 yaks (D:6)
  A water moccasin (D:6)
  A black bear (D:6)
  An orc warrior (D:6)
  An orc priest (D:6)
  An iguana (D:6)
  2 orcs (D:6)
10 creatures vanquished.

Grand Total: 105 creatures vanquished

Notes
Turn   | Place    | Note
-------+----------+-------------------------------------------
     0 | D:1      | hikkokomori the Demigod Conjurer began the quest for the
                  | Orb.
     0 | D:1      | Reached XP level 1. HP: 14/14 MP: 5/5
   107 | D:1      | Noticed a floating eye
   113 | D:1      | Noticed a golden eye
   117 | D:1      | Noticed a shining eye
   120 | D:1      | Noticed a golden eye
   208 | D:1      | Reached XP level 2. HP: 22/22 MP: 2/7
  1066 | D:2      | Found Wimiteaph's Assorted Antiques.
  1082 | D:2      | Reached skill level 1 in Fighting
  1096 | D:2      | Found Pelet's Assorted Antiques.
  1103 | D:2      | Reached XP level 3. HP: 13/28 MP: 1/8
  1116 | D:2      | Learned a level 2 spell: Searing Ray
  1287 | D:2      | Found Jalonk's Magic Scroll Shop.
  1502 | D:2      | Found Qauchodywn's Jewellery Shoppe.
  1608 | D:2      | Found Juer's Book Shoppe.
  1706 | D:2      | Reached skill level 4 in Conjurations
  1822 | D:2      | Bought a scroll of identify for 24 gold pieces
  2414 | D:3      | Reached XP level 4. HP: 35/35 MP: 5/10
  2457 | D:3      | Noticed Natasha
  2466 | D:3      | Killed Natasha
  2762 | D:4      | Noticed Ijyb
  2770 | D:4      | Killed Ijyb
  2958 | D:4      | Reached XP level 5. HP: 38/41 MP: 2/12
  3142 | D:4      | Noticed Grinder
  3157 | D:4      | Killed Grinder
  3158 | D:4      | Reached XP level 6. HP: 45/50 MP: 2/13
  3662 | D:5      | Entered Level 5 of the Dungeon
  3791 | D:5      | Learned a level 4 spell: Summon Lightning Spire
  4005 | D:5      | Noticed an angel
  4017 | D:5      | Reached skill level 5 in Conjurations
  4214 | D:5      | Reached skill level 1 in Air Magic
  4214 | D:5      | Reached XP level 7. HP: 42/57 MP: 10/15
  4280 | D:5      | HP: 1/57 [black bear (4)]
  4282 | D:5      | Reached skill level 1 in Summonings
  5064 | D:6      | Noticed a yak
  5069 | D:6      | Noticed a yak
  5070 | D:6      | Noticed a yak
  5071 | D:6      | Noticed a yak
  5073 | D:6      | Killed a yak
  5075 | D:6      | Killed a yak
  5076 | D:6      | Reached XP level 8. HP: 62/66 MP: 5/17
  5502 | D:6      | Reached skill level 6 in Conjurations
  5962 | D:2      | Bought a Trismegistus Codex for 364 gold pieces
  5968 | D:2      | Learned a level 5 spell: Freezing Cloud
  6357 | D:7      | HP: 1/67 [something (7)]
  6359 | D:7      | Identified a scroll of acquirement
  6359 | D:7      | Acquired the ring "Qudaaph" {rF++ rC+ EV+5 Str+2}
  6387 | D:7      | Slain by an unseen horror

Illustrated notes

Levels and vault maps discovered:
D:1:      minmay_arrival_open_corners, layout_basic, serial_corexii_hall,
          corexii_hall_statues_l, chequers_hall_statues_wall_a,
          corexii_hall_statues_deadend, corexii_hall_statues_i,
          hellmonk_ecumenical_altar_watching_god, minmay_misc_feat_nine_boxes,
          chequers_garden
D:2:      minmay_roachtagon, layout_loops_ring, serial_shops,
          nicolae_shop_real_fake_doors, shop, shop, shop,
          nicolae_shop_tiny_glass
D:3:      layout_basic, mainiacjoe_overflow_24_doors,
          corexii_item_surrounded_by_moat, uniq_natasha
D:4:      layout_rooms, kennysheep_big_empty_room, grunt_ministairs_14,
          uniq_ijyb, uniq_grinder
D:5:      layout_gridville, grunt_temple_overflow_order_and_chaos_1,
          mainiacjoe_overflow_tiny_flanked, nicolae_overflow_hidden_temple,
          serial_co_window_serial, co_window_of_opportunity_a,
          co_window_corner_a, co_window_paths_b, co_window_paths_a,
          co_window_paths_a, co_window_paths_c, co_window_corner_b,
          co_window_cross_4, co_window_paths_c, glass_columns_b, glass_columns_a
D:6:      layout_loops_cross
D:7:      layout_basic, mainiacjoe_overflow_paths, jmf_multi_god_temple,
          minmay_temple_entry_stoned_glass

Skill      XL: |  1  2  3  4  5  6  7  8 |
---------------+-------------------------+-----
Stealth        | 2 3 4 |  4.0
Spellcasting   | 2 3 4 |  4.9
Fighting       | 1 2 3 4 |  4.9
Conjurations   | 4 5 6 |  6.2
Air Magic      | 1 2 3 |  3.6
Summonings     | 2 3 |  3.5
Dodging        | |  1.7
Ice Magic      | |  0.1

Action                     |  1- 3 |  4- 6 |  7- 9 || total
---------------------------+-------+-------+-------++-------
  Melee: Mace              |    55 |    47 |    57 ||   159
         Dagger            |     6 |       |       ||     6
         Punch             |     1 |     1 |     1 ||     3
   Cast: Magic Dart        |    53 |    34 |     8 ||    95
         Searing Ray       |     1 |     8 |    15 ||    24
         Summon Lightning  |       |       |     6 ||     6
  Evoke: Wand              |       |       |     1 ||     1
    Use: Scroll            |     3 |     4 |     4 ||    11
         Potion            |       |       |     5 ||     5
   Stab: Sleeping          |     2 |     1 |     2 ||     5
 Armour: Robe              |    33 |    13 |    25 ||    71
  Dodge: Dodged            |    42 |    43 |    56 ||   141

Table legend: (Time is in decaauts)
 A = Elapsed time spent in this place.
 B = Non-inter-level travel time spent in this place.
 C = Inter-level travel time spent in this place.
 D = Time resting spent in this place.
 E = Time spent auto-exploring this place.
 F = Levels seen in this place.
 G = Mean time per level.
                   A        B        C        D        E       F      G
               +--------+--------+--------+--------+--------+-----+--------+
         Total |   6473 |   6084 |    389 |    283 |   4666 |   7 |  924.7 |
       Dungeon |   6473 |   6084 |    389 |    283 |   4666 |   7 |  924.7 |
               +--------+--------+--------+--------+--------+-----+--------+

Top non-repeatable levels by time:
     D:5: 1349 daAuts
     D:1: 1062 daAuts
     D:6: 1002 daAuts
     D:4: 973 daAuts
     D:3: 944 daAuts
     D:2: 871 daAuts
     D:7: 270 daAuts
